 Dungeon Crawl Stone Soup version 0.27.1 (webtiles) character file.

Game seed: 8154718905876542784

224 Thatpatchoflichen the Skirmisher (level 5, -5/48 HPs)
             Began as a Minotaur Monk on Aug 22, 2021.
             Killed from afar by an orc wizard (6 damage)
             ... with a magic dart
             ... on level 4 of the Dungeon.
             The game lasted 00:06:05 (3534 turns).

Thatpatchoflichen the Skirmisher (Minotaur Monk)    Turns: 3534, Time: 00:06:06

Health: -5/48      AC:  2    Str: 21    XL:     5   Next: 67%
Magic:  4/4        EV: 14    Int:  7    God:
Gold:   104        SH:  0    Dex: 14    Spells: 4/4 levels left

rFire    . . .     SeeInvis .   a - +0 spear
rCold    . . .     Faith    .   (no shield)
rNeg     . . .     Spirit   .   b - +0 robe
rPois    .         Reflect  +   (helmet restricted)
rElec    .         Harm     .   (no cloak)
rCorr    +         Rampage  .   (no gloves)
Will     .....                  (no boots)
Stlth    +.........             f - amulet of reflection
HPRegen  0.16/turn              d - +6 ring of strength
MPRegen  0.09/turn              l - ring of resist corrosion

@: confused
A: horns 2, retaliatory headbutt
a: no special abilities


You were on level 4 of the Dungeon.
You visited 1 branch of the dungeon, and saw 4 of its levels.

You collected 104 gold pieces.

Inventory:

Hand Weapons
 a - a +0 spear (weapon)
 q - a +0 shortbow
Missiles
 e - 78 stones (quivered)
 g - 36 bolts
 i - 39 arrows
 j - 28 sling bullets
 n - 5 poisoned darts
Armour
 b - a +0 robe (worn)
Jewellery
 d - a +6 ring of strength (left hand)
 f - an amulet of reflection (around neck)
 l - a ring of resist corrosion (right hand)
Scrolls
 c - 4 scrolls of identify {unknown}
 o - a scroll of teleportation {unknown}
Potions
 h - 2 potions of curing {unknown}
 k - a potion of might {unknown}
 m - a potion of mutation {unknown}
 p - 2 potions of brilliance {unknown}


   Skills:
 + Level 5.3 Fighting
 - Level 4.0 Polearms
 + Level 3.5 Armour
 + Level 4.8 Dodging
 - Level 1.5 Stealth


You had 4 spell levels left.
You didn't know any spells.
Your spell library was empty.

Dungeon Overview and Level Annotations

Branches:
Dungeon (4/15)
 Temple: D:4-7

Altars:
Xom


Innate Abilities, Weirdness & Mutations

You have a pair of horns on your head.
You reflexively headbutt those who attack you in melee.


Message History

You see here a quokka corpse.
You hear the slow rusting of a distant drain.
Found 14 gold pieces.
An orc priest comes into view. It is wielding a +0 club.
Found a scroll labelled CYRGHI GUUNUGHO.
The orc priest shouts!
An orc priest comes into view. It is wielding a +0 hand axe.
An orc comes into view. It is wielding a +0 short sword.
The orc priest moves out of view.
An orc wizard comes into view. It is wielding a +0 dagger.
The orc wizard moves out of view.
The orc wizard shouts!
The orc wizard mumbles some strange words.
The orc wizard flickers and vanishes!
Deactivating autopickup; reactivate with Ctrl-A.
The orc priest begins to cast a cantrip, but forgets the words!
You block the orc's attack.
You hit the orc but do no damage. The orc misses you.
The orc priest looks braver for a moment.
You closely miss the orc. Your headbutt misses the orc. You hit something.
The orc priest barely misses you.
The orc priest shouts!
You hit something. The orc priest hits you with a +0 club. Something hits you.
The orc closely misses you. You furiously retaliate!
You headbutt the orc, but do no damage.
The orc priest miscasts a cantrip.
The orc priest looks satisfied for a moment.
The orc priest mumbles some strange prayers to Beogh against you.
Beogh smites you!
The orc priest calls down the wrath of Beogh upon you.
Beogh smites you!
* * * LOW HITPOINT WARNING * * *
You hear some strange, mumbled words.
You are confused.
The orc priest invokes the aid of Beogh against you.
Beogh smites you!
* * * LOW HITPOINT WARNING * * *
A magic dart appears from out of thin air!
The magic dart hits you.
You die...

<.. #.)...
#..###.......
.<...........
######............
#.....#............
.........#........
.......<......... .....
...........#.##.###....
..
#.....#..@...##..##...
..
#.....#...........).#
..
#!......#o..#.#.#.#.#
##.##.###...o..)....#
#..... #.#.{.#.#.#.##
### #....
#.#...o......# #.. ....
#.....#.#.#..# #.. ...
##...........###..
#................


You could see 2 orc priests and an orc.

Vanquished Creatures
  A centaur (D:4)
  2 orc wizards (D:3)
  An adder (D:3)
  3 worms
  4 dart slugs
  An orc (D:3)
  6 endoplasms
  2 giant cockroaches (D:1)
  5 hobgoblins
  8 jackals
  6 quokkas
  4 ball pythons
  3 bats
  3 frilled lizards
  9 goblins
  6 kobolds
  4 rats
68 creatures vanquished.

Notes
Turn   | Place    | Note
-------+----------+-------------------------------------------
     0 | D:1      | Thatpatchoflichen the Minotaur Monk began the quest for the
                  | Orb.
     0 | D:1      | Reached XP level 1. HP: 19/19 MP: 0/0
   160 | D:1      | Found a faded altar of an unknown god.
   288 | D:1      | Reached XP level 2. HP: 24/27 MP: 1/1
   381 | D:1      | Reached skill level 1 in Armour
   462 | D:1      | Reached skill level 4 in Fighting
  1157 | D:2      | Reached XP level 3. HP: 32/33 MP: 2/2
  1960 | D:2      | Found a shimmering altar of Xom.
  2440 | D:3      | Reached XP level 4. HP: 36/41 MP: 3/3
  3214 | D:3      | Reached XP level 5. HP: 47/47 MP: 4/4
  3413 | D:4      | Noticed a centaur
  3422 | D:4      | Killed a centaur
  3423 | D:4      | Reached skill level 5 in Fighting
  3534 | D:4      | HP: 1/48 [orc priest/divine providence (9)]
  3534 | D:4      | Killed from afar by an orc wizard

Illustrated notes

Levels and vault maps discovered:
D:1:      dpeg_arrival_ternary, layout_basic, chequers_ecumenical_altar_twisty,
          minmay_pentomino_q2
D:2:      layout_basic, basic_altar
D:3:      layout_basic
D:4:      layout_rooms, serial_glass, glass_columns_b, glass_columns_b,
          gup_sewer_entry_pipe, nicolae_underground_beach, uniq_duvessa,
          uniq_sigmund

Skill      XL: |  1  2  3  4  5 |
---------------+----------------+-----
Armour         | 1 2 3 |  3.5
Fighting       | 4 5 |  5.3
Polearms       | 4 |  4.0
Dodging        | 4 |  4.8
Stealth        | |  1.5

Action                   |  1- 3 |  4- 6 || total
-------------------------+-------+-------++-------
Melee: Spear             |    90 |    43 ||   133
       Headbutt          |    21 |    10 ||    31
 Stab: Sleeping          |     1 |     1 ||     2
Armor: Robe              |    13 |     2 ||    15
Dodge: Dodged            |    67 |    36 ||   103
Block: Other             |     4 |    12 ||    16
       Reflection        |       |     1 ||     1
